 Dungeon Crawl Stone Soup version 0.28-a0-1190-g77e1c55843 (webtiles) character file.

Game seed: 7399132100452637057

70 Glokmah the Shield-Bearer (level 4, -1/34 HPs)
             Began as a Human Wanderer on Dec 18, 2021.
             Was a Believer of Cheibriados.
             Slain by an iron imp (4 damage)
             ... summoned by Natasha
             ... on level 2 of the Dungeon.
             The game lasted 00:03:32 (2142 turns).

Glokmah the Shield-Bearer (Human Wanderer)          Turns: 2142, Time: 00:03:33

Health: -1/34      AC:  9    Str: 20    XL:     4   Next: 44%
Magic:  4/4        EV:  7    Int: 14    God:    Cheibriados [**....]
Gold:   88         SH:  7    Dex: 17    Spells: 3/3 levels left

rFire   . . .      SeeInvis .   a - +0 spear
rCold   . . .      Faith    .   b - +2 buckler
rNeg    . . .      Spirit   .   o - +0 chain mail
rPois   .          Reflect  .   (no helmet)
rElec   .          Harm     .   (no cloak)
rCorr   +          Rampage  .   l - +0 pair of gloves
Will    .....                   (no boots)
Stlth   ..........              (no amulet)
HPRegen 0.11/turn               i - ring of resist corrosion
MPRegen 0.09/turn               (no ring)

@: slowed, very slow
A: no striking features
a: Renounce Religion, Bend Time


You were on level 2 of the Dungeon.
You worshipped Cheibriados.
Cheibriados was pleased with you.
You visited 1 branch of the dungeon, and saw 2 of its levels.

You collected 88 gold pieces.

Inventory:

Hand Weapons
 a - a +0 spear (weapon)
Missiles
 k - 16 poisoned darts (quivered)
Armour
 b - a +2 buckler (worn)
 c - a +0 scale mail
 l - a +0 pair of gloves (worn)
 o - a +0 chain mail (worn)
Jewellery
 i - a ring of resist corrosion (left hand)
 m - a ring of ice
Scrolls
 e - 2 scrolls of identify {unknown}
 f - a scroll of fog {unknown}
 g - 2 scrolls of teleportation {unknown}
 h - a scroll of amnesia {unknown}
Potions
 d - 2 potions of attraction {unknown}
 j - a potion of lignification {unknown}
 n - 2 potions of mutation {unknown}
 p - a potion of heal wounds {unknown}


   Skills:
 + Level 2.7 Fighting
 * Level 3.4 Polearms
 - Level 1.0 Armour
 - Level 1.0 Dodging
 - Level 4.1 Shields
 + Level 1.2 Invocations


You had 3 spell levels left.
You didn't know any spells.
Your spell library was empty.

Dungeon Overview and Level Annotations

Branches:
Dungeon (2/15)

Altars:
Cheibriados
Kikubaaqudgha

Annotations:
D:2 Natasha


Message History

Cheibriados appreciates the change of pace.
No target in view!
No target in view!
You now have 88 gold pieces (gained 8).
Found an ancient bone altar of Kikubaaqudgha.
Found a dagger.
There is an ancient bone altar of Kikubaaqudgha here.
Found a stone staircase leading down.
Natasha, Servant of Life and Death comes into view.
Natasha mumbles some strange words.
Natasha casts a spell at you.
You feel yourself slow down.
There is a stone staircase leading down here.
You reach to attack!
You hit the iron imp but do no damage.
Natasha mewls in sadness.
You barely miss Natasha. Natasha claws you but does no damage.
The iron imp hits you.
You hit Natasha.
Natasha is moderately wounded.
Natasha casts a spell.
The iron imp hits you but does no damage.
Natasha claws you!
You hit Natasha.
Natasha is severely wounded.
You block the iron imp's attack. Natasha claws you but does no damage.
You block the iron imp's attack.
You hit Natasha but do no damage.
Natasha is severely wounded.
You block the iron imp's attack. Natasha claws you but does no damage.
You block the iron imp's attack. The iron imp barely misses you.
You barely miss Natasha.
Natasha is severely wounded.
Natasha claws you. The iron imp hits you! Natasha casts a spell at you.
The magic dart hits you. The iron imp hits you.
You hit Natasha but do no damage.
Natasha is severely wounded.
Natasha claws you. The iron imp hits you!
* * * LOW HITPOINT WARNING * * *
The iron imp hits you.
You die...

#............#
#.###.#..##
#########.#.## #
#.......... #.#.#
#.#######.#..## #
#.#.##.#............. #
#.#......#########.##
########### #.###.......
#.# ..........# #..
....... ..#
#########.#######.......
#### # #......5@5......
# #########h......
....... ....... #######


You could see 2 iron imps and Natasha.

Vanquished Creatures
  An adder (D:2)
  4 dart slugs
  4 orcs (D:2)
  5 endoplasms
  3 giant cockroaches
  7 goblins
  2 hobgoblins (D:1)
  2 jackals (D:1)
  A quokka (D:1)
  3 ball pythons (D:1)
  A bat (D:2)
  3 frilled lizards
  6 kobolds
  4 rats
46 creatures vanquished.

Notes
Turn   | Place    | Note
-------+----------+-------------------------------------------
     0 | D:1      | Glokmah the Human Wanderer began the quest for the Orb.
     0 | D:1      | Glokmah set off with the following items: a +0 spear, a +2
                  | buckler, a +0 scale mail
     0 | D:1      | Reached XP level 1. HP: 16/16 MP: 1/1
   109 | D:1      | Found a faded altar of an unknown god.
   136 | D:1      | Reached XP level 2. HP: 17/22 MP: 2/2
   179 | D:1      | Prayed at the altar of an unknown god.
   179 | D:1      | Became a worshipper of Cheibriados the Contemplative
   179 | D:1      | Reached * piety under Cheibriados
   746 | D:1      | Reached XP level 3. HP: 28/28 MP: 3/3
  1324 | D:2      | Reached ** piety under Cheibriados
  1336 | D:2      | Reached skill level 1 in Invocations
  1424 | D:2      | Reached XP level 4. HP: 16/34 MP: 4/4
  2103 | D:2      | Found an ancient bone altar of Kikubaaqudgha.
  2135 | D:2      | Noticed Natasha
  2142 | D:2      | Slain by an iron imp

Illustrated notes

Levels and vault maps discovered:
D:1:      wheals_arrival_shading, layout_loops_ring,
          hellmonk_ecumenical_altar_pennies_from_heaven
D:2:      minmay_general_purpose_star, layout_loops_ring, basic_altar,
          minmay_splitting_lines, minmay_misc_feat_diagonals, uniq_natasha

Skill      XL: |  1  2  3 |
---------------+----------+-----
Polearms       | 3 |  3.4
Invocations    | 1 |  1.2
Fighting       | |  2.7
Armour         | |  1.0
Dodging        | |  1.0
Shields        | |  4.1

Action                   |  1- 3 |  4- 6 || total
-------------------------+-------+-------++-------
Melee: Spear             |   142 |    50 ||   192
Armor: Scale mail        |    41 |     7 ||    48
       Chain mail        |       |     4 ||     4
Dodge: Dodged            |    50 |     8 ||    58
Block: Buckler           |    34 |    16 ||    50

Table legend: (Time is in decaauts)
 A = Elapsed time spent in this place.
 B = Non-inter-level travel time spent in this place.
 C = Inter-level travel time spent in this place.
 D = Time resting spent in this place.
 E = Time spent auto-exploring this place.
 F = Levels seen in this place.
 G = Mean time per level.
                   A        B        C        D        E       F      G
               +--------+--------+--------+--------+--------+-----+--------+
         Total |   2593 |   2521 |     72 |      0 |   2022 |   2 | 1296.5 |
       Dungeon |   2593 |   2521 |     72 |      0 |   2022 |   2 | 1296.5 |
               +--------+--------+--------+--------+--------+-----+--------+

Top non-repeatable levels by time:
     D:1: 1413 daAuts
     D:2: 1179 daAuts
